SAL
GREENVILLE DRIVE @ KANNAPOLIS INTIMIDATORS
08/23/2099
 
TOP OF THE 1ST
Greenville Drive batting - Pitching for Kannapolis Intimidators : LHP Rob Crossman
Pitching: LHP Rob Crossman
Batting: RHB Rich Bledsoe 0-0: Foul Ball, location: 2F
0-1: Ground out 5-3 (Groundball, 56S, EV 86.3 MPH)
Batting: RHB Antonio Torres 0-0: Ball
1-0: Foul Ball, location: 25FF
1-1: Swinging Strike
1-2: Ball
2-2: Ground out 6-3 (Groundball, 6S, EV 71.3 MPH)
Batting: RHB Josh Storlie 0-0: Swinging Strike
0-1: Ball
1-1: Ball
2-1: Foul Ball, location: 2F
2-2: Foul Ball, location: 9LDF
2-2: Foul Ball, location: 9LDF
2-2: Ball
3-2: Ground out 6-3 (Groundball, 6MD, EV 99.4 MPH)
Top of the 1st over - 0 runs, 0 hits, 0 errors, 0 left on base; Greenville 0 - Kannapolis 0
BOTTOM OF THE 1ST
Kannapolis Intimidators batting - Pitching for Greenville Drive : LHP Javier Vizcaino
Pitching: LHP Javier Vizcaino
Batting: LHB Ryan Builes 0-0: Called Strike
0-1: Swinging Strike
0-2: Strikes out looking
Batting: RHB Kevin Pring 0-0: Ball
1-0: Ball
2-0: Called Strike
2-1: Ground out U3 (Groundball, 3S, EV 68.8 MPH)
Batting: LHB Ryan Dorsey 0-0: Swinging Strike
0-1: Ball
1-1: Foul Ball, location: 2F
1-2: Strikes out looking
Bottom of the 1st over - 0 runs, 0 hits, 0 errors, 0 left on base; Greenville 0 - Kannapolis 0
TOP OF THE 2ND
Greenville Drive batting - Pitching for Kannapolis Intimidators : LHP Rob Crossman
Batting: RHB Ben Hunt 0-0: Called Strike
0-1: Swinging Strike
0-2: Ball
1-2: Strikes out swinging
Batting: RHB Mark Bourassa 0-0: Swinging Strike
0-1: Foul Ball, location: 9LMFF
0-2: Foul Ball, location: 9LSF
0-2: Ball
1-2: Ball
2-2: Strikes out swinging
Batting: RHB Je-won Nah 0-0: Ball
1-0: Called Strike
1-1: Ball
2-1: SINGLE (Groundball, 34D, EV 110.6 MPH)
Batting: RHB Brad McGuire 0-0: Called Strike
Je-won Nah steals 2nd base
0-1: Ball
1-1: Called Strike
1-2: Foul Ball, location: 25F
1-2: Strikes out swinging
Top of the 2nd over - 0 runs, 1 hit, 0 errors, 1 left on base; Greenville 0 - Kannapolis 0
BOTTOM OF THE 2ND
Kannapolis Intimidators batting - Pitching for Greenville Drive : LHP Javier Vizcaino
Batting: RHB Ryan Lawrence 0-0: Ball
1-0: Called Strike
1-1: Foul Ball, location: 2F
1-2: Foul Ball, location: 9LMF
1-2: Ball
2-2: Fly out, F8 (Flyball, 8LD, EV 105.0 MPH)
Batting: LHB Tom Jarvis 0-0: Fly out, F8 (Flyball, 8RD, EV 110.6 MPH)
Batting: RHB Eric Braman 0-0: Ball
1-0: Ball
2-0: Foul Ball, location: 2F
2-1: Called Strike
2-2: Foul Ball, location: 2LF
2-2: Ball
3-2: Fly out, F9 (Line Drive, 9D, EV 106.3 MPH)
Bottom of the 2nd over - 0 runs, 0 hits, 0 errors, 0 left on base; Greenville 0 - Kannapolis 0
TOP OF THE 3RD
Greenville Drive batting - Pitching for Kannapolis Intimidators : LHP Rob Crossman
Batting: LHB Justin Bartholomew 0-0: Ball
1-0: Called Strike
1-1: Ball
2-1: SINGLE (Groundball, P, EV 85.6 MPH) (infield hit)
Batting: RHB Justin Iraci 0-0: Ball
1-0: Ball
2-0: DOUBLE (Line Drive, 7LS, EV 93.1 MPH)
Justin Bartholomew to third
Batting: RHB Rich Bledsoe 0-0: TRIPLE (Groundball, 5L, EV 101.9 MPH)
Justin Bartholomew scores
Justin Iraci scores
Batting: RHB Antonio Torres 0-0: Ball
1-0: Called Strike
1-1: Called Strike
1-2: Foul Ball, location: 2F
1-2: Foul Ball, location: 7LMF
1-2: Ball
2-2: Ball
3-2: Strikes out swinging
Batting: RHB Josh Storlie 0-0: Fly out, F9 (Flyball, 9D, EV 106.3 MPH)
Runner from 3rd tags up, SCORES, throw by RF
Batting: RHB Ben Hunt 0-0: Called Strike
0-1: Ball
1-1: Foul Ball, location: 5SF
1-2: Ground out 6-3 (Groundball, 6, EV 90.6 MPH)
Top of the 3rd over - 3 runs, 3 hits, 0 errors, 0 left on base; Greenville 3 - Kannapolis 0
BOTTOM OF THE 3RD
Kannapolis Intimidators batting - Pitching for Greenville Drive : LHP Javier Vizcaino
Batting: SHB Jason Nicely 0-0: Ball
1-0: Fly out, F7 (Line Drive, 7LM, EV 105.0 MPH)
Batting: LHB Brian Struble 0-0: Ball
1-0: Ball
2-0: Called Strike
2-1: Foul Ball, location: 2RF
2-2: Strikes out looking
Batting: RHB Matt Schmidl 0-0: Ball
1-0: Ball
2-0: Called Strike
2-1: Ball
3-1: TRIPLE (Line Drive, 89XD, EV 103.8 MPH)
Batting: LHB Ryan Builes 0-0: SINGLE (Line Drive, 56, EV 97.5 MPH)
Matt Schmidl scores
Batting: RHB Kevin Pring 0-0: Called Strike
0-1: Called Strike
0-2: Foul Ball, location: 2F
0-2: Foul Ball, location: 7LDF
0-2: Ball
1-2: Ball
2-2: Strikes out swinging
Bottom of the 3rd over - 1 run, 2 hits, 0 errors, 1 left on base; Greenville 3 - Kannapolis 1
TOP OF THE 4TH
Greenville Drive batting - Pitching for Kannapolis Intimidators : LHP Rob Crossman
Batting: RHB Mark Bourassa 0-0: Ball
1-0: Ball
2-0: SINGLE (Groundball, 5S, EV 70.0 MPH) (infield hit)
Batting: RHB Je-won Nah 0-0: Called Strike
0-1: Swinging Strike
0-2: Strikes out swinging
Batting: RHB Brad McGuire 0-0: Foul Ball, location: 3SF
0-1: Ball
1-1: Grounds into double play, 6-4-3 (Groundball, 6, EV 81.3 MPH)
Top of the 4th over - 0 runs, 1 hit, 0 errors, 0 left on base; Greenville 3 - Kannapolis 1
BOTTOM OF THE 4TH
Kannapolis Intimidators batting - Pitching for Greenville Drive : LHP Javier Vizcaino
Batting: LHB Ryan Dorsey 0-0: Called Strike
0-1: Called Strike
0-2: Ball
1-2: Ball
2-2: Fly out, F9 (Flyball, 89S, EV 90.0 MPH)
Batting: RHB Ryan Lawrence 0-0: Ball
1-0: Called Strike
1-1: Ball
2-1: Ball
3-1: Base on Balls
Batting: LHB Tom Jarvis 0-0: Ball
1-0: SINGLE (Groundball, 56D, EV 110.6 MPH)
Ryan Lawrence to second
Batting: RHB Eric Braman 0-0: Fly out, F7 (Flyball, 78D, EV 96.9 MPH)
Batting: SHB Jason Nicely 0-0: Ball
1-0: Ground out 3-1 (Groundball, 34S, EV 93.8 MPH)
Bottom of the 4th over - 0 runs, 1 hit, 0 errors, 2 left on base; Greenville 3 - Kannapolis 1
TOP OF THE 5TH
Greenville Drive batting - Pitching for Kannapolis Intimidators : LHP Rob Crossman
Batting: LHB Justin Bartholomew 0-0: Foul Ball, location: 3F
0-1: Foul Ball, location: 2F
0-2: Hit by Pitch
Batting: RHB Justin Iraci 0-0: Called Strike
0-1: Bunted foul
0-2: Ball
1-2: Ball
2-2: Strikes out swinging
Batting: RHB Rich Bledsoe 0-0: Foul Ball, location: 9LSF
0-1: Foul Ball, location: 7LDF
0-2: Ball
1-2: Fly out, F6 (Popup, 6M, EV 60.6 MPH)
Batting: RHB Antonio Torres 0-0: Called Strike
0-1: Ball
1-1: Ball
2-1: Fly out, F8 (Line Drive, 89S, EV 96.9 MPH)
Top of the 5th over - 0 runs, 0 hits, 0 errors, 1 left on base; Greenville 3 - Kannapolis 1
BOTTOM OF THE 5TH
Kannapolis Intimidators batting - Pitching for Greenville Drive : LHP Javier Vizcaino
Batting: LHB Brian Struble 0-0: Foul Ball, location: 9LMF
0-1: Foul Ball, location: 7LDF
0-2: Ground out 5-3 (Groundball, 56, EV 104.4 MPH)
Batting: RHB Matt Schmidl 0-0: Swinging Strike
0-1: Ball
1-1: Foul Ball, location: 3FF
1-2: Ground out 4-3 (Groundball, 4, EV 88.8 MPH)
Batting: LHB Ryan Builes 0-0: Called Strike
0-1: Ball
1-1: Called Strike
1-2: Ground out 5-3 (Groundball, 56, EV 88.1 MPH)
Bottom of the 5th over - 0 runs, 0 hits, 0 errors, 0 left on base; Greenville 3 - Kannapolis 1
TOP OF THE 6TH
Greenville Drive batting - Pitching for Kannapolis Intimidators : LHP Rob Crossman
Batting: RHB Josh Storlie 0-0: Ball
1-0: Ball
2-0: Called Strike
2-1: Foul Ball, location: 7LMF
2-2: Foul Ball, location: 23F
2-2: Ball
3-2: Foul Ball, location: 2F
3-2: Ground out 6-3 (Groundball, 6, EV 87.5 MPH)
Batting: RHB Ben Hunt 0-0: Foul Ball, location: 2F
0-1: Swinging Strike
0-2: Ball
1-2: Ball
2-2: Fly out, F8 (Flyball, 8RS, EV 94.4 MPH)
Batting: RHB Mark Bourassa 0-0: Ball
1-0: Foul Ball, location: 23FF
1-1: Ball
2-1: Foul Ball, location: 25F
2-2: Foul Ball, location: 9LSF
2-2: Ball
3-2: Base on Balls
Batting: RHB Je-won Nah 0-0: Ball
1-0: SINGLE (Groundball, 34D, EV 105.6 MPH) (infield hit)
Mark Bourassa to second
Batting: RHB Brad McGuire 0-0: Ball
1-0: Ball
2-0: Called Strike
2-1: Ball
3-1: Called Strike
3-2: Base on Balls
Mark Bourassa to third
Je-won Nah to second
Batting: LHB Justin Bartholomew 0-0: Ball
1-0: Called Strike
1-1: Ball
2-1: Ball
3-1: Ground out 4-3 (Groundball, 4, EV 105.0 MPH)
Top of the 6th over - 0 runs, 1 hit, 0 errors, 3 left on base; Greenville 3 - Kannapolis 1
BOTTOM OF THE 6TH
Kannapolis Intimidators batting - Pitching for Greenville Drive : LHP Javier Vizcaino
Batting: RHB Kevin Pring 0-0: Swinging Strike
0-1: Foul Ball, location: 3F
0-2: Ball
1-2: Strikes out swinging
Batting: LHB Ryan Dorsey 0-0: Swinging Strike
0-1: Swinging Strike
0-2: Ball
1-2: Ball
2-2: SINGLE (Line Drive, 34D, EV 96.9 MPH)
Batting: RHB Ryan Lawrence 0-0: Ball
1-0: Foul Ball, location: 7LMFF
1-1: Ball
2-1: Ball
3-1: Foul Ball, location: 23F
3-2: Base on Balls
Ryan Dorsey to second
Pinch Runner at 2nd Bryan Weiglein:
Batting: LHB Tom Jarvis 0-0: Swinging Strike
0-1: Called Strike
0-2: Foul Ball, location: 2F
0-2: Ball
1-2: Ball
2-2: Fielders Choice at 2nd, 4-6 (Groundball, 4, EV 105.0 MPH)
Bryan Weiglein to third
Batting: RHB Eric Braman 0-0: Ball
1-0: Ball
2-0: Foul Ball, location: 3F
2-1: Swinging Strike
2-2: Ball
3-2: Fly out, F8 (Flyball, 8LD, EV 95.6 MPH)
Bottom of the 6th over - 0 runs, 1 hit, 0 errors, 2 left on base; Greenville 3 - Kannapolis 1
TOP OF THE 7TH
Greenville Drive batting - Pitching for Kannapolis Intimidators : LHP Rob Crossman
Pitching: RHP Tony Gomez
Now in LF: Bryan Weiglein
Batting: RHB Justin Iraci 0-0: Called Strike
0-1: Ball
1-1: Fly out, F4 (Line Drive, 4, EV 75.6 MPH)
Batting: RHB Rich Bledsoe 0-0: Called Strike
0-1: Called Strike
0-2: Foul Ball, location: 7LSF
0-2: Strikes out swinging
Batting: RHB Antonio Torres 0-0: Called Strike
0-1: Foul Ball, location: 2F
0-2: Ball
1-2: Strikes out swinging
Top of the 7th over - 0 runs, 0 hits, 0 errors, 0 left on base; Greenville 3 - Kannapolis 1
BOTTOM OF THE 7TH
Kannapolis Intimidators batting - Pitching for Greenville Drive : LHP Javier Vizcaino
Pitching: RHP Israel Vargas
Batting: SHB Jason Nicely 0-0: Ground out 3-1 (Groundball, 34, EV 83.1 MPH)
Batting: LHB Brian Struble 0-0: Swinging Strike
0-1: Fly out, F9 (Flyball, 89M, EV 80.6 MPH)
Batting: RHB Matt Schmidl 0-0: SINGLE (Groundball, 4M, EV 91.3 MPH) (infield hit)
Batting: LHB Ryan Builes 0-0: Fielders Choice at 2nd, U4 (Groundball, 4M, EV 86.3 MPH)
Bottom of the 7th over - 0 runs, 1 hit, 0 errors, 1 left on base; Greenville 3 - Kannapolis 1
TOP OF THE 8TH
Greenville Drive batting - Pitching for Kannapolis Intimidators : RHP Tony Gomez
Batting: RHB Josh Storlie 0-0: Swinging Strike
0-1: Swinging Strike
0-2: Foul Ball, location: 5F
0-2: Ball
1-2: Foul Ball, location: 9LMF
1-2: Foul Ball, location: 2F
1-2: Foul Ball, location: 2F
1-2: Foul Ball, location: 2F
1-2: Strikes out looking
Batting: RHB Ben Hunt 0-0: Ball
1-0: Called Strike
1-1: Foul Ball, location: 7LMF
1-2: Ball
2-2: Ground out 6-3 (Groundball, 6, EV 86.3 MPH)
Batting: RHB Mark Bourassa 0-0: Ball
1-0: Ground out 5-3 (Groundball, 56S, EV 64.4 MPH)
Top of the 8th over - 0 runs, 0 hits, 0 errors, 0 left on base; Greenville 3 - Kannapolis 1
BOTTOM OF THE 8TH
Kannapolis Intimidators batting - Pitching for Greenville Drive : RHP Israel Vargas
Pitching: LHP Joe Redman
Batting: RHB Kevin Pring 0-0: Ball
1-0: Ball
2-0: Called Strike
2-1: Foul Ball, location: 3F
2-2: Ball
3-2: Strikes out looking
Batting: RHB Bryan Weiglein 0-0: Ground out 6-3 (Groundball, 56, EV 100.6 MPH)
Batting: RHB Ryan Lawrence 0-0: Swinging Strike
0-1: Ball
1-1: Foul Ball, location: 7LDF
1-2: Ball
2-2: Foul Ball, location: 5F
2-2: Ground out 2-3 (Groundball, 2L, EV 69.4 MPH)
Bottom of the 8th over - 0 runs, 0 hits, 0 errors, 0 left on base; Greenville 3 - Kannapolis 1
TOP OF THE 9TH
Greenville Drive batting - Pitching for Kannapolis Intimidators : RHP Tony Gomez
Batting: RHB Je-won Nah 0-0: Swinging Strike
0-1: Ball
1-1: Foul Ball, location: 3SF
1-2: Foul Ball, location: 7LMFF
1-2: Ball
2-2: Strikes out looking
Batting: RHB Brad McGuire 0-0: Reached on error, E5 (Groundball, 5, EV 85.6 MPH)
Batting: LHB Justin Bartholomew 0-0: Called Strike
0-1: Swinging Strike
0-2: Ball
1-2: Foul Ball, location: 2F
1-2: Foul Ball, location: 2F
1-2: Foul Ball, location: 7LMF
1-2: Fly out, F7 (Flyball, 78M, EV 93.8 MPH)
Pinch Hitting: SHB Chris Pierce 0-0: Called Strike
0-1: Ball
1-1: Swinging Strike
1-2: Strikes out swinging, 2-3 out at first.
Top of the 9th over - 0 runs, 0 hits, 1 error, 1 left on base; Greenville 3 - Kannapolis 1
BOTTOM OF THE 9TH
Kannapolis Intimidators batting - Pitching for Greenville Drive : LHP Joe Redman
Now in LF: Armani Brawner
Now in RF: Josh Storlie
Batting: LHB Tom Jarvis 0-0: Ball
1-0: Ball
2-0: Called Strike
2-1: Called Strike
2-2: Fly out, F8 (Flyball, 78M, EV 90.0 MPH)
Batting: RHB Eric Braman 0-0: Called Strike
0-1: Ball
1-1: Ball
2-1: Foul Ball, location: 23FF
2-2: Ball
3-2: Foul Ball, location: 23F
3-2: Base on Balls
Batting: SHB Jason Nicely 0-0: Ball
1-0: Ball
2-0: Fly out, F8 (Flyball, 8RM, EV 86.9 MPH)
Pinch Hitting: RHB Jon Newell 0-0: Foul Ball, location: 9LMF
0-1: Swinging Strike
0-2: Strikes out looking
Bottom of the 9th over - 0 runs, 0 hits, 0 errors, 1 left on base; Greenville 3 - Kannapolis 1
Wednesday, May 15th , 2024 - OOTP Baseball 24.11 Build 85